Map: [ESL] Inside and Out

Players

PtitDrogo - Winner!

  • Race: Protoss Protoss
  • Spawn Location: 1:00

Spirit (souL)

  • Race: Terran Terran
  • League: Master
  • Spawn Location: 7:00

Event: HomeStory Cup XXII

VOD

Have the link to the VOD?

Description

Time

  • Played on: Dec. 15, 2022, 9:40 a.m.
  • Length: 6:27

All games in this series

Show
View Real Time Build Order
Export as new Build Order

PtitDrogo Protoss - Winner!

Build Orders: 1 Gate Expand, Blink Stalkers 

Get SALT Encoding   

  12  0:00  Probe  
  13  0:12  Probe  
  14  0:17  Pylon  
  14  0:24  Probe (Chrono Boost)  
  15  0:36  Gateway, Probe (Chrono Boost)  
  16  0:44  Probe (Chrono Boost)  
  16  0:45  Assimilator  
  17  0:51  Probe  
  18  1:03  Probe  
  19  1:15  Probe  
  20  1:23  Cybernetics Core  
  20  1:30  Nexus  
  20  1:37  Pylon  
  20  1:40  Probe  
  20  1:46  Assimilator  
  21  1:52  Probe  
  22  1:56  Adept (Chrono Boost)  
  22  1:59  Warp Gate  
  24  2:04  Probe  
  24  2:07  Shield Battery  
  25  2:16  Probe, Stalker (Chrono Boost)  
  28  2:28  Probe  
  29  2:31  Twilight Council  
  29  2:40  Probe  
  29  2:42  Stalker  
  32  2:44  Probe  
  33  2:52  Probe  
  33  2:56  Probe  
  35  2:59  Blink (Chrono Boost)  
  35  3:04  Probe  
  36  3:08  Probe  
  37  3:12  Gateway  
  37  3:17  Probe  
  38  3:21  Robotics Facility  
  38  3:24  Probe  
  39  3:29  Probe  
  40  3:35  Pylon  
  40  3:36  Probe  
  40  3:40  Pylon  
  40  3:41  Probe  
  42  3:47  Stalker  
  43  3:55  Probe  
  44  4:03  Gateway  
  44  4:04  Gateway  
  44  4:06  Probe  
  44  4:08  Warp Prism (Chrono Boost)  
  47  4:18  Stalker x2  
  47  4:22  Probe x2  
  53  4:28  Pylon  
  53  4:34  Probe x2  
  53  4:36  Pylon  
  53  4:37  Observer (Chrono Boost)  
  56  4:43  Stalker x2  
  60  4:46  Probe, Assimilator  
  60  4:51  Probe  
  63  5:04  Stalker x2  
  63  5:06  Stalker  
  69  5:08  Stalker  
  69  5:09  Probe x2  
  69  5:10  Observer  
  70  5:19  Shield Battery  
  70  5:21  Probe  
  65  5:31  Stalker x2  
  65  5:32  Zealot x2  
  65  5:34  Probe x2  
  75  5:40  Pylon  
  75  5:56  Stalker x4  
  66  6:11  Probe x2  
  66  6:18  Shield Battery  
  66  6:23  Stalker x3  
Show
View Real Time Build Order
Export as new Build Order

Spirit Terran 

Build Orders: Banshee Rush 

Get SALT Encoding   

  12  0:00  SCV  
  13  0:12  SCV  
  14  0:17  Supply Depot  
  14  0:24  SCV  
  15  0:38  SCV  
  15  0:40  Barracks  
  16  0:45  Refinery  
  16  0:50  SCV  
  17  1:03  SCV  
  18  1:16  SCV  
  19  1:28  Barracks Reactor, Orbital Command  
  19  1:40  Command Center  
  19  1:49  Supply Depot  
  19  1:54  SCV  
  20  2:04  Marine x2  
  20  2:07  Factory  
  22  2:10  SCV  
  23  2:21  Refinery, Marine x2  
  25  2:25  SCV  
  26  2:38  SCV  
  26  2:39  Marine x2  
  29  2:50  SCV  
  30  2:53  Orbital Command, Starport  
  30  3:02  Hellion  
  30  3:05  Hellion  
  34  3:08  SCV  
  34  3:09  Barracks Tech Lab  
  36  3:20  SCV  
  36  3:23  Hellion  
  36  3:24  SCV  
  36  3:26  Hellion  
  41  3:32  Supply Depot  
  42  3:35  Cloaking Field  
  42  3:39  Banshee  
  44  3:42  SCV  
  44  3:43  SCV  
  45  3:54  SCV, Factory Tech Lab  
  45  3:55  SCV  
  43  3:57  Marine x2  
  40  4:07  SCV x2  
  40  4:09  Bunker  
  42  4:12  Supply Depot  
  42  4:15  Marine x2  
  47  4:17  Siege Tank  
  47  4:19  SCV x2  
  47  4:23  Barracks  
  47  4:29  Banshee  
  47  4:31  SCV  
  51  4:35  Bunker  
  51  4:37  Marine  
  52  4:40  SCV  
  52  4:41  Bunker  
  53  4:46  SCV  
  53  4:49  Siege Tank  
  53  4:52  SCV  
  58  4:57  Supply Depot  
  58  4:58  Supply Depot, SCV  
  59  5:04  SCV, Marine  
  59  5:05  Marine  
  62  5:18  Marine  
  62  5:21  Siege Tank  
  66  5:22  Marine  
  66  5:24  SCV  
  66  5:27  SCV  
  69  5:30  Marine  
  67  5:35  Supply Depot  
  67  5:36  SCV, Refinery  
  67  5:37  Supply Depot, Refinery, Banshee  
  71  5:44  SCV  
  71  5:45  Marine  
  72  5:51  Marine  
  72  5:55  Marine  
  68  6:00  SCV  
  68  6:03  Marine  
  62  6:09  Marine  
Tags
 
Add a new tag
Caveats
  • Supply blocks, unpowered buildings, or Contaminate may cause inaccurate times.
  • Supply counts are checked every 10 seconds.